 Dungeon Crawl Stone Soup version 0.25-a0-404-gc1b5a34292 (webtiles) character file.

Game seed: 12595531804128556142, levelgen mode: deterministic

81 kae the Gusty (level 4, -3/33 HPs)
             Began as a Draconian Air Elementalist on Jan 10, 2020.
             Slain by a phantom (9 damage)
             ... on level 4 of the Dungeon.
             The game lasted 00:02:53 (2934 turns).

kae the Gusty (Draconian Air Elementalist)          Turns: 2934, Time: 00:02:53

Health: -3/33      AC:  5    Str: 10    XL:     4   Next: 19%
Magic:  0/8        EV: 12    Int: 17    God:
Gold:   109        SH:  0    Dex: 11    Spells: 2/8 levels left

rFire    . . .     SeeInvis .   d - +0 spear
rCold    . . .     Gourm    .   (no shield)
rNeg     . . .     Faith    .   (armour unavailable)
rPois    .         Spirit   .   (helmet restricted)
rElec    .         Reflect  .   (no cloak)
rCorr    .         Harm     .   (no gloves)
MR       .....                  (no boots)
Stlth    ++........             (no amulet)
HPRegen  0.11/turn              (no ring)
MPRegen  0.11/turn              (no ring)

@: no status effects
A: unfitting armour, cold-blooded, AC +5
a: no special abilities


You were on level 4 of the Dungeon.
You were not hungry.

You visited 1 branch of the dungeon, and saw 6 of its levels.

You collected 109 gold pieces.

Inventory:

Hand Weapons
 d - a +0 spear (weapon)
Scrolls
 e - a scroll of identify
 f - a scroll of remove curse
 g - a scroll of teleportation {unknown}
Potions
 a - 2 potions of mutation
Comestibles
 b - 4 rations


   Skills:
 - Level 1.7 Dodging
 - Level 1.7 Stealth
 + Level 2.6 Spellcasting
 - Level 2.0 Conjurations
 * Level 4.2 Air Magic


You had 2 spell levels left.
You knew the following spells:

 Your Spells              Type           Power        Failure   Level  Hunger
a - Shock                 Conj/Air       ##..         4%          1    #......
b - Static Discharge      Conj/Air       ##......     16%         3    ###....
c - Swiftness             Chrm/Air       #.......     12%         2    ##.....

Your spell library contained the following spells:

 Spells                   Type           Power        Failure   Level  Hunger
 Airstrike                Air            ###.......   32%         4    #####..
 Lightning Bolt           Conj/Air       ##........   80%         5    ######.


Dungeon Overview and Level Annotations

Branches:
Dungeon (6/15)
 Temple: D:4-7

Altars:
Cheibriados
Gozag
Makhleb

Annotations:
D:2 Sigmund


Innate Abilities, Weirdness & Mutations

Your plain brown scales are hard. (AC +5)
You cannot fit into any form of body armour.
You are cold-blooded and may be slowed by cold attacks.


Message History

The phantom is heavily damaged.
The phantom closely misses you.
You hit the phantom.
The phantom is heavily damaged.
The phantom hits you but does no damage.
You can't go up here!
You hit the phantom.
The phantom is heavily damaged.
The phantom closely misses you.
Casting: Shock (safe; 4% risk of failure)
Confirm with . or Enter, or press ? or * to list all spells.
Aiming: Shock (safe; 4% risk of failure)
Press: ? - help, Shift-Dir - straight line, f/p - phantom
Aim: a phantom (heavily damaged)
The zap misses the phantom.
The phantom hits you.
* * * LOW HITPOINT WARNING * * *
You closely miss the phantom.
The phantom is heavily damaged.
The phantom hits you!
You die...

# ###
#...#########
#.#.#.#.#.#.##
#............#
#.#.#.#.#.#.##
#..@W........#
#.#.#.#.#.#.##
#............#
#.#.#.#.#.#.##
..#......รท.....#
#..#.#.#.#.#.###
+..............#
#..#.#.#.#.#.#.#
####
##...#..##.....


You could see a phantom.

Vanquished Creatures
  3 adders (D:2)
  A worm (D:5)
  2 dart slugs (D:1)
  A leopard gecko (D:2)
  7 bats
  3 giant cockroaches
  6 hobgoblins
  2 jackals (D:2)
  A ball python (D:2)
  4 frilled lizards
  5 goblins
  A jackal skeleton (D:4)
  5 kobolds
  A leopard gecko skeleton (D:4)
  3 rats
45 creatures vanquished.

Notes
Turn   | Place    | Note
-------+----------+-------------------------------------------
     0 | D:1      | kae the Draconian Air Elementalist began the quest for the
                  | Orb.
     0 | D:1      | Reached XP level 1. HP: 14/14 MP: 3/3
   513 | D:1      | Reached XP level 2. HP: 15/20 MP: 1/5
  1060 | D:1      | Reached XP level 3. HP: 20/26 MP: 6/6
  1239 | D:2      | Found a burning altar of Makhleb.
  1239 | D:2      | Noticed a green death
  1243 | D:2      | Noticed Sigmund
  1730 | D:2      | Learned a level 2 spell: Swiftness
  1734 | D:2      | Learned a level 3 spell: Static Discharge
  1761 | D:2      | Reached skill level 4 in Air Magic
  1887 | D:2      | Reached XP level 4. HP: 33/33 MP: 4/7
  2366 | D:3      | Found a snail-covered altar of Cheibriados.
  2367 | D:3      | Found an opulent altar of Gozag.
  2503 | D:3      | You fall into a shaft and drop 3 floors!
  2510 | D:5      | Entered Level 5 of the Dungeon
  2576 | D:4      | Noticed a phantom
  2934 | D:4      | Slain by a phantom

Levels and vault maps discovered:
D:1:      lemuel_arrival_rhombus, layout_loops_ring
D:2:      layout_basic, makhleb_altar_promises_db, uniq_sigmund
D:3:      layout_basic, gammafunk_temple_overflow_statue, led_sif_pool,
          serial_co_window_serial, co_window_corner_a,
          co_window_of_opportunity_a, co_window_corner_a,
          co_window_of_opportunity_a, co_window_corner_a, co_window_cross_1,
          co_window_corner_cb, co_window_cross_3, co_window_unsneaky_path_b,
          glass_columns_a, glass_columns_b, glass_columns_b, glass_columns_a
D:4:      layout_gridville, gammafunk_ghost_necromancy, first_ration,
          grunt_decor_mini_mirrors, st_stairs_10, uniq_grinder
D:5:      layout_loops_corners, lightli_temple_of_fire, temple_pool_b,
          hellmonk_ghost_happy_afterlife, nrook_pool_corridor,
          nicolae_dithmenos_the_darkroom
D:6:      layout_loops_ring

Skill      XL: |  1  2  3 |
---------------+----------+-----
Air Magic      | 4 |  4.2
Conjurations   | 2 |  2.0
Dodging        | |  1.7
Stealth        | |  1.7
Spellcasting   | |  2.6

Action                   |  1- 3 |  4- 6 || total
-------------------------+-------+-------++-------
Melee: Unarmed           |    54 |       ||    54
       Tailslap          |    10 |     4 ||    14
       Spear             |    61 |    55 ||   116
 Cast: Shock             |    42 |    21 ||    63
       Static Discharge  |       |     1 ||     1
  Use: Scroll            |     5 |       ||     5
 Stab: Sleeping          |     5 |     1 ||     6
  Eat: Chunk             |     4 |     3 ||     7
Armor: Skin              |    42 |    10 ||    52
Dodge: Dodged            |    87 |    30 ||   117

Table legend:
 A = Non-vault XP
 B = Vault XP
 C = Vault XP percentage of total XP
 D = Non-vault monster count
 E = Vault monster count
 F = Vault count percentage of total count
                 A         B        C        D         E       F
            +---------+---------+-------+---------+---------+-------
      Total |     113 |       3 |   2.6 |      42 |       3 |   6.7
            +---------+---------+-------+---------+---------+-------
        D:1 |      42 |       0 |   0.0 |      23 |       0 |   0.0
        D:2 |      57 |       0 |   0.0 |      13 |       0 |   0.0
        D:3 |       9 |       0 |   0.0 |       5 |       0 |   0.0
        D:4 |       0 |       3 | 100.0 |       0 |       3 | 100.0
        D:5 |       5 |       0 |   0.0 |       1 |       0 |   0.0
            +---------+---------+-------+---------+---------+-------
